 Dungeon Crawl Stone Soup version 0.29-a0-1009-g60c99734e7 (webtiles) character file.

Game seed: 15068647954375080904

2 xian the Gusty (level 1, -1/14 HPs)
             Began as a Draconian Air Elementalist on Aug 9, 2022.
             Slain by a kobold
             ... wielding a +1 whip of venom
              (5 damage)
             ... on level 1 of the Dungeon.
             The game lasted 00:00:37 (105 turns).

xian the Gusty (Draconian Air Elementalist)          Turns: 105, Time: 00:00:37

Health: -1/14      AC:  4    Str: 10    XL:     1   Next: 25%
Magic:  0/3        EV: 12    Int: 15    God:
Gold:   15         SH:  0    Dex: 11    Spells: 3/4 levels left

rFire   . . .      SeeInvis .   (no weapon)
rCold   . . .      Faith    .   (no shield)
rNeg    . . .      Spirit   .   (body armour unavailable)
rPois   .          Reflect  .   (helmet restricted)
rElec   .          Harm     .   (no cloak)
rCorr   .          Rampage  .   (no gloves)
Will    .....                   (no boots)
Stlth   ++........              (no amulet)
HPRegen 0.04/turn               (no ring)
MPRegen 0.08/turn               (no ring)

@: no status effects
A: AC +4, unfitting armour, cold-blooded
a: no special abilities


You were on level 1 of the Dungeon.
You visited 1 branch of the dungeon, and saw 1 of its levels.

You collected 15 gold pieces.

Inventory:

Potions
 a - a potion of magic


   Skills:
 + Level 1.7 Dodging
 + Level 1.7 Stealth
 + Level 2.0 Spellcasting
 + Level 1.0 Conjurations
 + Level 3.1 Air Magic


You had 3 spell levels left.
You knew the following spells:

 Your Spells              Type           Power      Damage    Failure   Level
a - Shock                 Conj/Air       28%        1d4       10%         1

Your spell library contained the following spells:

 Spells                   Type           Power      Damage    Failure   Level
 Static Discharge         Conj/Air       7%         3-4/arc   14%         2
 Swiftness                Air            10%        N/A       19%         3
 Airstrike                Air            5%         2d(1-17)  52%         4


Dungeon Overview and Level Annotations

Branches:
Dungeon (1/15)

Altars:


Innate Abilities, Weirdness & Mutations

Your plain brown scales are hard. (AC +4)
You cannot fit into any form of body armour.
You are cold-blooded and may be slowed by cold attacks.


Message History

The ball python closely misses you. The ball python misses you.
You hit the ball python but do no damage.
The ball python misses you. The ball python closely misses you.
You closely miss the ball python. The ball python misses you.
The ball python closely misses you. The kobold barely misses you.
You hit the ball python.
The ball python is moderately wounded.
The ball python bites you.
* * * LOW HITPOINT WARNING * * *
The ball python closely misses you. The ball python barely misses you. x2
The kobold misses you. The ball python misses you. The ball python grabs you.
The ball python constricts you.
You escape the ball python's grasp.
The kobold throws a stone.
The stone closely misses you.
You closely miss the ball python.
The ball python is moderately wounded.
The ball python closely misses you. x2
You barely miss the ball python.
The ball python is moderately wounded.
The ball python bites you but does no damage.
The ball python barely misses you.
You closely miss the ball python.
Your tail-slap misses the ball python.
The ball python is moderately wounded.
The ball python barely misses you. The ball python grabs you.
The ball python constricts you.
You hit the ball python but do no damage.
The ball python is moderately wounded.
The ball python bites you but does no damage.
The ball python constricts you.
Aiming: Shock (safe; 10% risk of failure)
Press: ? - help, Q - select action Shift-Dir - straight line, f - ball python
Aim: a ball python (moderately wounded, constricting you, 64% to hit)
The zap hits the ball python.
You kill the ball python!
The zap misses the kobold.
You hit the kobold.
The kobold is heavily wounded.
The kobold hits you with a +1 whip of venom.
You die...

### .... ##..# # #.#
...... .# #.#
......###.# #.# #.
#........# #.# #.#
..##.#@# #.# #.#
#....#K# #.# #.#
#.##.#.########.#.#.
#.## #.#
#.##.#.)............
#..# #.#
#.##.#..♣♣♣♣♣.......
...###.####.##.#.♣♣
..#....
#......>....†....♣
♣S.....
##.....####.###..♣
.#.# # ####..# #.#
#..♣ .#.#


You could see a kobold.

Vanquished Creatures
  2 ball pythons (D:1)
  A kobold (D:1)
3 creatures vanquished.

Notes
Turn   | Place    | Note
-------+----------+-------------------------------------------
     0 | D:1      | xian the Draconian Air Elementalist began the quest for the
                  | Orb.
     0 | D:1      | Reached XP level 1. HP: 14/14 MP: 3/3
   105 | D:1      | Slain by a kobold

Illustrated notes

Levels and vault maps discovered:
D:1:      roderic_chinese_lattice_arrival, layout_loops_ring,
          ebering_ecumenical_altar_rust, nrook_campfire

Action                   || total
-------------------------++-------
Melee: Unarmed           ||    13
 Cast: Shock             ||     6
Armor: Skin              ||     4
Dodge: Dodged            ||    19

Table legend: (Time is in decaauts)
 A = Elapsed time spent in this place.
 B = Non-inter-level travel time spent in this place.
 C = Inter-level travel time spent in this place.
 D = Time resting spent in this place.
 E = Time spent auto-exploring this place.
 F = Levels seen in this place.
 G = Mean time per level.
                   A        B        C        D        E       F      G
               +--------+--------+--------+--------+--------+-----+--------+
         Total |    105 |    105 |      0 |      0 |     74 |   1 |  105.0 |
       Dungeon |    105 |    105 |      0 |      0 |     74 |   1 |  105.0 |
               +--------+--------+--------+--------+--------+-----+--------+

Top non-repeatable levels by time:
     D:1: 105 daAuts
